 Dungeon Crawl Stone Soup version 0.19-b1-1-g9a3527e (webtiles) character file.

50 Eligius the Skirmisher (level 3, 0/30 HPs)
             Began as a Demonspawn Chaos Knight on Oct 27, 2016.
             Slain by an orc
             ... wielding a +0 mace
              (3 damage)
             ... on level 3 of the Dungeon.
             The game lasted 00:17:49 (2385 turns).

Eligius the Skirmisher (Demonspawn Chaos Knight)    Turns: 2385, Time: 00:17:51

Health: 0/30       AC: 10    Str: 13    XL:     3   Next: 55%
Magic:  3/3        EV: 10    Int: 13    God:    Xom [..*...]
Gold:   148        SH:  0    Dex: 12    Spells: 0 memorised, 2 levels left

rFire  . . .     SeeInvis .     a - +0 hand axe (chaos)
rCold  . . .     Gourm    .     x - +4 ring mail
rNeg   . . .     Faith    .     (no shield)
rPois  .         Spirit   .     (no helmet)
rElec  .         Reflect  .     (no cloak)
rCorr  .         Harm     .     l - +0 pair of gloves
MR     .....     Rnd*Tele +     (no boots)
Stlth  ++........               (no amulet)
                                (no ring)
                                g - ring of teleportation (curse)

@: no status effects
A: nightstalker 1
a: Renounce Religion


You were on level 3 of the Dungeon.
You worshipped Xom.
You were a toy of Xom.
You were hungry.

You visited 1 branch of the dungeon, and saw 3 of its levels.

You collected 148 gold pieces.

Inventory:

Hand Weapons
 a - a +0 hand axe of chaos (weapon)
 e - a cursed -1 hunting sling
Missiles
 f - 27 sling bullets
 k - 57 arrows
 n - 68 stones (quivered)
Armour
 b - a +2 leather armour
 d - a cursed +0 leather armour
 l - a +0 pair of gloves (worn)
 m - a cursed +0 chain mail
 u - a +0 robe
 x - a +4 ring mail (worn)
Jewellery
 g - a cursed ring of teleportation (left hand)
 j - a cursed ring of teleportation
Wands
 p - a wand of enslavement (17/24)
Scrolls
 i - 2 scrolls of identify
 o - a scroll of random uselessness
 v - a scroll of recharging {unknown}
 w - a scroll of enchant weapon {unknown}
 y - a scroll of amnesia {unknown}
Potions
 h - 2 potions of curing {unknown}
 q - a potion of degeneration {unknown}
 r - 3 potions of heal wounds {unknown}
Comestibles
 c - 2 bread rations
 s - a meat ration
 t - 6 fruits
 z - 3 chunks of flesh


   Skills:
 + Level 3.7 Fighting
 + Level 3.4 Axes
 + Level 1.9 Armour
 + Level 1.0 Dodging
 + Level 0.2 Stealth


You had 2 spell levels left.
You didn't know any spells.

Dungeon Overview and Level Annotations

Branches:
Dungeon (3/15)

Altars:
Gozag
Zin


Innate Abilities, Weirdness & Mutations

You are slightly more attuned to the shadows.


Message History

You hit the orc but do no damage.
The orc is heavily wounded.
The orc hits you with a mace.
You hit the orc but do no damage.
The orc is heavily wounded.
The orc hits you with a mace.
* * * LOW HITPOINT WARNING * * *
The orc hits you with a mace.
* * * LOW HITPOINT WARNING * * *
You closely miss the orc.
The orc is heavily wounded.
The orc hits you with a mace.
* * * LOW HITPOINT WARNING * * *
Your ring mail prevents you from hitting the orc.
The orc is heavily wounded.
The orc hits you with a mace.
* * * LOW HITPOINT WARNING * * *
The orc hits you with a mace.
You die... "Boring in life, boring in death..."

#.# #.# #.#
##.##... ####
......... ..#
########. ####.#
### ...
....####.... #.#
#..#...# #.#
#.@oo# #.# #.##)#
#.# #.# .#
#.#############.#
..
................#
###
#.....####.##..##
#..(..# #....##
#....##
#.######## ##.#.#
#.##.....#


You could see 2 orcs.

Vanquished Creatures
  An ooze (D:1)
  A dart slug (D:1)
  2 worms
  A leopard gecko (D:1)
  3 orcs (D:3)
  A ball python (D:2)
  5 bats
  2 giant cockroaches
  3 goblins (D:2)
  3 hobgoblins
  2 frilled lizards
  7 kobolds
  2 rats
33 creatures vanquished.

Notes
Turn   | Place    | Note
-------+----------+-------------------------------------------
     0 | D:1      | Eligius the Demonspawn Chaos Knight began the quest for the Orb.
     0 | D:1      | Reached XP level 1. HP: 18/18 MP: 1/1
    46 | D:1      | XOM: divination: magic mapping
   175 | D:1      | Gained mutation: You are slightly more attuned to the shadows. [demonic ancestry]
   175 | D:1      | Reached XP level 2. HP: 12/24 MP: 2/2
   840 | D:2      | Found a glowing silver altar of Zin.
   981 | D:2      | Found an opulent altar of Gozag.
  1050 | D:2      | XOM: harmless Conj miscast
  1257 | D:2      | XOM: mild Conj miscast
  1294 | D:2      | XOM: mild Tmut miscast
  1378 | D:2      | Reached XP level 3. HP: 28/29 MP: 3/3
  1706 | D:2      | XOM: divination: magic mapping
  1910 | D:3      | XOM is BORED!
  1910 | D:3      | XOM: noise
  2051 | D:3      | XOM: mild Conj miscast
  2096 | D:3      | XOM: harmless Hex miscast
  2303 | D:3      | Reached skill level 1 in Dodging
  2385 | D:3      | Slain by an orc

Skill      XL: |  1  2  3 |
---------------+----------+-----
Axes           | 3 |  3.4
Dodging        | 1 |  1.0
Fighting       | |  3.7
Armour         | |  1.9
Stealth        | |  0.2

Action                   || total
-------------------------++-------
Melee: Hand axe          ||    99
  Use: Scroll            ||     4
 Stab: Sleeping          ||     2
       Paralysed         ||     1
  Eat: Chunk             ||     4
Armor: Leather armour    ||    21
       Ring mail         ||     8
Dodge: Dodged            ||    60
